Map: Disco Bloodbath LE

Players

Trap

  • Race: Protoss Protoss
  • Spawn Location: 9:00

Rogue - Winner!

  • Race: Zerg Zerg
  • Spawn Location: 3:00

Event: 2019 WCS Global FInals

VOD

Have the link to the VOD?

Description

Time

  • Played on: Oct. 27, 2019, 2:07 a.m.
  • Length: 8:07

All games in this series

Show
View Real Time Build Order
Export as new Build Order

Trap Protoss 

Build Orders: 1 Gate Expand, Oracle Opening, Phoenix Opening, Zealot Archon 

Get SALT Encoding   

  12  0:00  Probe  
  13  0:12  Probe  
  14  0:18  Pylon  
  14  0:24  Probe  
  15  0:36  Probe (Chrono Boost)  
  16  0:43  Gateway  
  16  0:46  Probe (Chrono Boost)  
  16  0:49  Assimilator  
  17  0:51  Probe (Chrono Boost)  
  18  1:03  Probe  
  19  1:15  Probe  
  20  1:22  Nexus  
  20  1:32  Cybernetics Core  
  20  1:35  Probe  
  21  1:41  Assimilator  
  21  1:48  Probe  
  21  1:52  Pylon  
  22  2:00  Probe (Chrono Boost)  
  23  2:10  Adept  
  23  2:12  Probe (Chrono Boost)  
  23  2:14  Stargate  
  26  2:20  Probe (Chrono Boost)  
  27  2:23  Warp Gate  
  27  2:28  Probe (Chrono Boost)  
  28  2:35  Probe (Chrono Boost)  
  29  2:40  Adept  
  29  2:43  Probe (Chrono Boost)  
  29  2:44  Probe (Chrono Boost)  
  33  2:49  Probe (Chrono Boost)  
  33  2:50  Probe  
  35  2:56  Phoenix (Chrono Boost)  
  37  3:01  Probe  
  37  3:02  Probe  
  37  3:03  Pylon  
  39  3:11  Oracle (Chrono Boost)  
  39  3:13  Probe  
  39  3:14  Probe  
  44  3:25  Gateway, Probe  
  44  3:26  Probe  
  46  3:34  Assimilator x2  
  46  3:37  Probe  
  46  3:39  Oracle (Chrono Boost), Probe  
  51  3:48  Pylon  
  51  3:49  Probe  
  51  3:51  Probe  
  51  3:52  Pylon  
  53  4:00  Robotics Facility  
  53  4:02  Probe  
  54  4:06  Probe  
  55  4:14  Oracle (Chrono Boost)  
  55  4:16  Probe  
  59  4:18  Probe  
  60  4:27  Pylon  
  60  4:28  Gateway x2  
  60  4:30  Adept  
  60  4:31  Adept  
  64  4:33  Probe x2  
  66  4:44  Gateway  
  66  4:46  Gateway  
  66  4:49  Immortal (Chrono Boost)  
  70  4:57  Sentry  
  70  4:58  Sentry  
  72  5:22  Nexus  
  72  5:24  Observer  
  72  5:25  Pylon, Probe x2  
  72  5:26  Sentry x2  
  72  5:28  Pylon x2  
  77  5:33  Pylon  
  77  5:38  Probe  
  77  5:41  Forge  
  78  5:43  Probe  
  78  5:46  Twilight Council  
  78  5:48  Zealot  
  81  5:51  Probe  
  81  5:55  Probe  
  81  5:56  Immortal  
  87  6:03  Probe  
  86  6:08  Probe  
  87  6:15  Probe  
  87  6:16  Stalker x3  
  87  6:17  Zealot, Charge (Chrono Boost)  
  93  6:20  Probe  
  92  6:31  Probe  
  92  6:32  Probe  
  92  6:35  Templar Archives  
  92  6:36  Probe  
  92  6:39  Photon Cannon  
  93  6:45  Probe x2  
  93  6:47  Assimilator x2  
  95  6:48  Probe  
  96  6:54  Pylon  
  96  6:57  Probe  
  96  6:58  Gateway  
  96  7:00  Gateway  
  96  7:01  Probe x2  
  99  7:09  Probe  
  99  7:14  High Templar x2  
  99  7:15  Photon Cannon  
  104  7:19  Archon  
  104  7:20  High Templar x2  
  108  7:23  Stalker  
  108  7:25  Archon  
  108  7:27  Immortal (Chrono Boost)  
  108  7:28  Nexus  
  109  7:35  Zealot  
  109  7:36  Probe x3  
  113  7:46  Zealot x3  
  113  7:48  Nexus  
  117  7:53  Photon Cannon  
  117  7:56  Photon Cannon  
Show
View Real Time Build Order
Export as new Build Order

Rogue Zerg - Winner!

Build Orders: Hatch First, Swarm Host 

Get SALT Encoding   

  12  0:00  Drone  
  13  0:12  Overlord  
  13  0:17  Drone  
  14  0:31  Drone x2  
  16  0:47  Hatchery  
  15  0:50  Drone  
  15  0:55  Drone  
  17  0:58  Drone  
  18  1:09  Extractor  
  17  1:13  Spawning Pool  
  17  1:16  Drone  
  17  1:19  Drone  
  18  1:28  Drone  
  20  1:40  Drone  
  20  1:49  Overlord  
  20  1:59  Queen  
  20  2:00  Zergling x4, Queen  
  26  2:11  Drone x2  
  28  2:21  Drone  
  28  2:22  Drone  
  30  2:34  Drone x2, Hatchery  
  31  2:39  Pneumatized Carapace  
  31  2:44  Queen  
  31  2:48  Overlord  
  33  2:52  Drone  
  33  2:54  Drone  
  33  2:57  Drone  
  36  3:10  Drone x5  
  41  3:22  Overlord  
  41  3:24  Drone  
  42  3:27  Queen  
  42  3:30  Metabolic Boost  
  42  3:33  Overlord  
  44  3:34  Spore Crawler  
  44  3:37  Spore Crawler  
  42  3:42  Drone x2  
  42  3:45  Queen  
  42  3:46  Overlord  
  42  3:47  Drone x2  
  48  3:52  Zergling x4  
  48  3:55  Drone  
  51  3:56  Drone x2  
  51  3:58  Drone  
  51  4:01  Spore Crawler  
  53  4:05  Drone x2  
  55  4:14  Drone  
  55  4:15  Drone x5  
  55  4:16  Spore Crawler  
  59  4:20  Spore Crawler  
  59  4:21  Drone  
  60  4:24  Drone x4  
  60  4:28  Lair  
  60  4:30  Overlord  
  64  4:36  Roach Warren  
  63  4:39  Spore Crawler, Drone  
  63  4:44  Zergling x4  
  63  4:45  Drone  
  66  4:48  Overlord  
  66  4:50  Extractor  
  66  4:51  Extractor  
  64  4:56  Drone  
  64  4:57  Drone x6  
  64  4:58  Drone  
  64  4:59  Drone  
  73  5:00  Drone  
  73  5:03  Extractor  
  73  5:06  Evolution Chamber, Drone x2  
  74  5:11  Drone  
  72  5:14  Extractor  
  72  5:15  Extractor  
  72  5:16  Drone x2  
  72  5:17  Drone x2  
  72  5:19  Drone  
  72  5:20  Overlord x2  
  74  5:25  Overlord  
  74  5:29  Glial Reconstitution  
  74  5:30  Overlord  
  74  5:34  Overlord  
  74  5:35  Overseer  
  74  5:40  Zerg Missile Weapons Level 1  
  74  5:41  Drone x2  
  76  5:45  Roach x2  
  76  5:48  Roach x2, Zergling x2  
  76  5:49  Zergling x2  
  85  5:51  Roach x2  
  86  5:58  Roach x3  
  86  5:59  Drone  
  86  6:02  Drone x2  
  91  6:05  Roach  
  91  6:09  Drone x4  
  95  6:16  Drone x2  
  95  6:17  Drone  
  98  6:19  Infestation Pit, Drone  
  98  6:22  Drone  
  98  6:27  Drone x2  
  98  6:29  Drone x2  
  102  6:35  Overlord  
  102  6:36  Overlord  
  102  6:42  Overseer  
  102  6:46  Nydus Network  
  101  6:48  Overlord, Drone x2  
  101  6:53  Overlord  
  103  7:00  Swarm Host x6  
  121  7:02  Swarm Host  
  121  7:07  Swarm Host x2  
  128  7:09  Swarm Host  
  131  7:15  Swarm Host  
  131  7:16  Swarm Host  
  131  7:18  Overlord  
  137  7:24  Nydus Canal  
  137  7:27  Roach x3  
  137  7:28  Overlord x2, Roach  
  145  7:31  Overlord  
  145  7:34  Overlord  
  143  7:44  Nydus Canal  
  139  7:45  Roach  
  139  7:46  Roach x6  
Tags
 
Add a new tag
Caveats
  • Supply blocks, unpowered buildings, or Contaminate may cause inaccurate times.
  • Supply counts are checked every 10 seconds.